 Dungeon Crawl Stone Soup version 0.15.0-13-gb296d5c (webtiles) character file.

761 Johnny the Covered (level 8, 0/61 HPs)
             Began as a Human Berserker on Sept 3, 2014.
             Was a Priest of Trog.
             Slain by Prince Ribbit (12 damage)
             ... on Level 4 of the Dungeon.
             The game lasted 00:07:24 (3309 turns).

Johnny the Covered (Human Berserker)                Turns: 3309, Time: 00:07:25

HP   0/61        AC 11     Str 17      XL: 8   Next:  8%
MP   8/8         EV 11     Int  8      God: Trog [***...]
Gold 182         SH  0     Dex 15      Spells:  0 memorised,  7 levels left

rFire  . . .     SeeInvis .     a - +0 hand axe
rCold  . . .     Clarity  .     b - +0 chain mail
rNeg   . . .     rCorr    .     (no shield)
rPois  .         rRot     .     k - +0 helmet
rElec  .         Spirit   .     (no cloak)
SustAb .         Warding  .     (no gloves)
rMut   .         Stasis   .     (no boots)
Gourm  .                        (no amulet)
MR     ++...                    (no ring)
                                f - +5 ring of evasion

@: exhausted, regenerating, hasted and slowed, very resistant to hostile
enchantments, extremely unstealthy
A: no striking features
a: Burn Spellbooks, Berserk, Trog's Hand, Renounce Religion


You were on level 4 of the Dungeon.
You worshipped Trog.
Trog was most pleased with you.
You were not hungry.

You visited 1 branch of the dungeon, and saw 4 of its levels.

You collected 182 gold pieces.

Inventory:

Hand weapons
 a - a +0 hand axe (weapon)
Armour
 b - a +0 chain mail (worn)
 k - a +0 helmet (worn)
Scrolls
 e - a scroll of teleportation
 g - a scroll of remove curse
 i - a scroll of immolation {unknown}
 n - a scroll of blinking
 q - a scroll of fog
Jewellery
 f - a +5 ring of evasion (left hand)
Potions
 c - a potion of haste
 d - a potion of might {unknown}
 h - a potion of brilliance {unknown}
 m - a potion of curing {unknown}
 p - a potion of poison {unknown}


   Skills:
 + Level 4.5 Fighting
 + Level 4.6 Axes
 + Level 5.0 Armour
 + Level 5.0 Dodging
 + Level 1.3 Stealth


You had 7 spell levels left.
You didn't know any spells.

Dungeon Overview and Level Annotations

Branches:
Dungeon (4/15)
 Temple: D:4-7

Altars:
Ashenzari
Fedhas
Okawaru
Qazlal
Vehumet

Annotations:
D:4 Prince Ribbit


Message History

You feel resistant to hostile enchantments.
You feel slightly more hungry.
You can no longer call in reinforcements.
Prince Ribbit blinks!
Eat which item? (? for menu, Esc to quit)
You continue eating.
Prince Ribbit hits you!
Prince Ribbit lets out a mournful croak.
Prince Ribbit hits you. Prince Ribbit barely misses you.
You continue eating.
Prince Ribbit hits you! x2
* * * LOW HITPOINT WARNING * * *
You continue eating.
Prince Ribbit hits you but does no damage.
Prince Ribbit hits you!
* * * LOW HITPOINT WARNING * * *
You finish eating.
That meat ration really hit the spot!
Drink which item? (? for menu, Esc to quit)
You feel yourself speed up. Prince Ribbit hits you!
You die...

### ..#
#######.#
.........#
#.@#
####.F#######
#.#
#...........#
#.#
#.#....####.#
#.# # #....#
#.# #.#####
###..# #.#
#.#.... ...#
#.# #.#.###
###.# #.#
#.#..## #.#
#.####.#..#.


You could see Prince Ribbit.

Vanquished Creatures
  Grinder (D:4)
  A sky beast (D:3)
  An ogre (D:4)
  A giant frog (D:3)
  A crimson imp (D:3)
  An orc wizard (D:4)
  2 orc priests (D:4)
  An iguana (D:4)
  Ijyb (D:2)
  5 adders
  A giant mite (D:2)
  A worm (D:3)
  An ooze (D:3)
  5 orcs
  6 bats
  5 giant cockroaches
  7 hobgoblins
  16 jackals
  4 kobolds
  2 ball pythons
  5 giant newts
  5 goblins
  An orc skeleton (D:3)
  A quokka (D:3)
  7 rats
  A fungus (D:3)
83 creatures vanquished.

Notes
Turn   | Place    | Note
--------------------------------------------------------------
     0 | D:1      | Johnny, the Human Berserker, began the quest for the Orb.
     0 | D:1      | Reached XP level 1. HP: 18/18 MP: 1/1
     6 | D:1      | Noticed a basilisk
     6 | D:1      | Noticed a worker ant
     6 | D:1      | Noticed a stone giant
   474 | D:1      | Reached XP level 2. HP: 24/24 MP: 2/2
   902 | D:1      | Acquired Trog's second power
   925 | D:1      | Reached XP level 3. HP: 27/29 MP: 3/3
  1320 | D:2      | Noticed Ijyb
  1346 | D:2      | Killed Ijyb
  1346 | D:2      | Reached XP level 4. HP: 32/36 MP: 4/4
  1373 | D:2      | Found an iron altar of Okawaru.
  1373 | D:2      | Found a shattered altar of Ashenzari.
  1810 | D:3      | Found an iron altar of Okawaru.
  1855 | D:3      | Found a stormy altar of Qazlal.
  1855 | D:3      | Found a blossoming altar of Fedhas.
  1981 | D:3      | Reached XP level 5. HP: 27/42 MP: 5/5
  2224 | D:3      | Found a radiant altar of Vehumet.
  2267 | D:3      | Noticed a sky beast
  2269 | D:3      | Noticed a giant frog
  2280 | D:3      | Killed a sky beast
  2280 | D:3      | Reached skill level 4 in Fighting
  2280 | D:3      | Reached XP level 6. HP: 48/48 MP: 6/6
  2341 | D:3      | Killed a giant frog
  2755 | D:4      | Reached skill level 1 in Stealth
  2770 | D:4      | Acquired Trog's third power
  2770 | D:4      | Reached XP level 7. HP: 28/54 MP: 7/7
  3081 | D:4      | Noticed Grinder
  3084 | D:4      | Paralysed by Grinder for 4 turns
  3110 | D:4      | Killed Grinder
  3110 | D:4      | Reached XP level 8. HP: 61/61 MP: 8/8
  3176 | D:4      | Reached skill level 5 in Armour
  3282 | D:4      | Noticed Prince Ribbit
  3291 | D:4      | Reached skill level 5 in Dodging
  3309 | D:4      | Slain by Prince Ribbit

Action                   |  1- 3 |  4- 6 |  7- 9 || total
-------------------------+-------+-------+-------++-------
Melee: Hand axe          |   148 |   223 |    63 ||   434
Invok: Berserk           |     2 |     1 |     3 ||     6
       Trog's Hand       |       |     1 |     2 ||     3
  Use: Scroll            |       |       |     7 ||     7
       Potion            |       |       |     1 ||     1
  Eat: Bread ration      |     1 |       |       ||     1
       Meat ration       |       |     1 |     1 ||     2
       Chunk             |       |       |     2 ||     2
       Pizza             |       |       |     1 ||     1
